 Dungeon Crawl Stone Soup version 0.29.1-15-g9cfb28693d (webtiles) character file.

Game seed: 250049956156996119

174 Smoke131 the Trooper (level 5, -4/55 HPs)
             Began as an Ogre Gladiator on Apr 30, 2023.
             Slain by Grinder (6 damage)
             ... on level 4 of the Dungeon.
             The game lasted 00:07:18 (3879 turns).

Smoke131 the Trooper (Ogre Gladiator)               Turns: 3879, Time: 00:07:19

Health: -4/55      AC:  3    Str: 20    XL:     5   Next: 54%
Magic:  5/5        EV: 10    Int:  9    God:
Gold:   141        SH:  0    Dex: 10    Spells: 4/4 levels left

rFire   . . .      SeeInvis .   a - +0 trident
rCold   . . .      Faith    .   (no shield)
rNeg    . . .      Spirit   .   b - +0 robe
rPois   +          Reflect  .   c - +0 hat
rElec   .          Harm     .   (no cloak)
rCorr   .          Rampage  .   (gloves unavailable)
Will    .....                   (boots unavailable)
Stlth   +.........              (no amulet)
HPRegen 0.18/turn               o - ring of poison resistance
MPRegen 0.09/turn               (no ring)

@: invisible (expiring)
A: large, unfitting armour, tough skin 1
a: no special abilities


You were on level 4 of the Dungeon.
You visited 1 branch of the dungeon, and saw 4 of its levels.

You collected 141 gold pieces.

Inventory:

Hand Weapons
 a - a +0 trident (weapon)
Missiles
 d - 5 throwing nets (quivered)
 e - a large rock
Armour
 b - a +0 robe (worn)
 c - a +0 hat (worn)
Jewellery
 o - a ring of poison resistance (left hand)
Scrolls
 f - 5 scrolls of identify
 g - a scroll of magic mapping {unknown}
 j - a scroll of summoning {unknown}
 k - 2 scrolls of teleportation {unknown}
 l - a scroll of poison {unknown}
 r - a scroll of immolation {unknown}
Potions
 h - a potion of invisibility
 i - a potion of curing
 m - 2 potions of lignification {unknown}
 p - a potion of degeneration {unknown}
 q - a potion of mutation {unknown}


   Skills:
 + Level 4.6 Fighting
 + Level 4.1 Polearms
 + Level 3.4 Throwing
 - Level 3.0 Dodging


You had 4 spell levels left.
You didn't know any spells.
Your spell library contained the following spells:

 Spells                   Type           Power      Damage    Failure   Level
 Magic Dart               Conj           0%         1d3       38%         1
 Searing Ray              Conj           0%         2d4       52%         2
 Fulminant Prism          Conj/Hex       0%         3d6       99%         4


Dungeon Overview and Level Annotations

Branches:
Dungeon (4/15)
 Temple: D:4-7

Altars:

Annotations:
D:4 Grinder


Innate Abilities, Weirdness & Mutations

You are too large for most types of armour.
You have tough skin. (AC +1)


Message History

Aim: Grinder (lightly wounded, unable to see you, very poisoned, 55% to hit)
You throw a poisoned dart.
The poisoned dart barely misses Grinder.
Throw: dart (poison)
Press: ? - help, Q - select action, (/) - cycle Shift-Dir - straight line, f/p - Grinder
Aim: Grinder (lightly wounded, unable to see you, very poisoned, 55% to hit)
You throw a poisoned dart. The poisoned dart hits Grinder!
Grinder is lightly wounded.
Grinder drinks a potion.
Grinder is healed!
Grinder looks more healthy.
Grinder gestures at something.
Grinder closely misses you.
You closely miss Grinder. Grinder hits you.
You writhe in agony.
You closely miss Grinder.
You see here a poisoned dart.
You closely miss Grinder. Grinder hits you but does no damage.
You hit Grinder.
Grinder is lightly wounded.
Grinder hits you!
You writhe in agony.
You barely miss Grinder.
Grinder is lightly wounded.
Grinder hits you!
You hit Grinder.
Grinder is lightly wounded.
Grinder hits you!
* * * LOW HITPOINT WARNING * * *
You writhe in agony.
* * * LOW HITPOINT WARNING * * *
You hit Grinder.
Grinder is moderately wounded.
Grinder gestures at you.
You suddenly lose the ability to move!
You flicker for a moment.
Grinder hits you but does no damage.
You can move again.
You hit Grinder.
Grinder is moderately wounded.
Grinder hits you!
* * * LOW HITPOINT WARNING * * *
You writhe in agony.
You die...

#######
#....(###+###
#...$.......#
#....(.....$#
.##...........#
............5@+
...........(.(#
..............#
.##+##...#...##
#...#####
#####...#####
#...#...#...#
#.>.#.8.#.<.#
#...#...#...#


You could see Grinder (unable to see you).

Vanquished Creatures
  A hound (D:4)
  An iguana (D:4)
  4 gnolls (D:3)
  2 adders
  A worm (D:3)
  An orc (D:3)
  7 ball pythons
  3 bats
  A giant cockroach (D:1)
  10 goblins
  6 hobgoblins
  3 jackals
  5 quokkas
  6 kobolds
  A rat (D:3)
  2 bushes (D:1)
54 creatures vanquished.

Vanquished Creatures (others)
  2 plants (D:1)
2 creatures vanquished.

Grand Total: 56 creatures vanquished

Notes
Turn   | Place    | Note
-------+----------+-------------------------------------------
     0 | D:1      | Smoke131 the Ogre Gladiator began the quest for the Orb.
     0 | D:1      | Reached XP level 1. HP: 22/22 MP: 1/1
   168 | D:1      | Reached XP level 2. HP: 29/29 MP: 2/2
   462 | D:1      | Found a faded altar of an unknown god.
   598 | D:1      | Reached XP level 3. HP: 10/37 MP: 3/3
  2264 | D:3      | Reached XP level 4. HP: 33/48 MP: 4/4
  3459 | D:4      | Reached XP level 5. HP: 48/55 MP: 5/5
  3825 | D:4      | Noticed Grinder
  3826 | D:4      | Paralysed by Grinder for 2 turns
  3877 | D:4      | Paralysed by Grinder for 2 turns
  3879 | D:4      | HP: 2/55 [Grinder (8)]
  3879 | D:4      | Slain by Grinder

Illustrated notes

Levels and vault maps discovered:
D:1:      lightli_arrival_boilingwater, layout_rooms,
          ebering_ecumenical_altar_mist, serial_forest,
          infiniplex_forest_straight_3, infiniplex_forest_clump_medium,
          infiniplex_forest_fountain, infiniplex_forest_end_double,
          infiniplex_forest_split, infiniplex_forest_diagonal,
          infiniplex_forest_clump_curved, minmay_misc_feat_enclosed,
          minmay_surrounded
D:2:      layout_rooms
D:3:      layout_basic, hangedman_abyss_or_decor_lesser_grid,
          corexii_corridor_pit, minmay_misc_feat_secret_circle
D:4:      layout_gridville, nicolae_elevator_lobby_plus, uniq_grinder, uniq_ijyb

Skill      XL: |  1  2  3  4 |
---------------+-------------+-----
Fighting       | 3 4 |  4.6
Dodging        | 3 |  3.0
Throwing       | 3 |  3.4
Polearms       | 4 |  4.1

Action                   |  1- 3 |  4- 6 || total
-------------------------+-------+-------++-------
Melee: Trident           |   262 |    51 ||   313
       Punch             |     2 |     1 ||     3
Throw: Dart              |     1 |    13 ||    14
  Use: Scroll            |       |     1 ||     1
       Potion            |       |     1 ||     1
Armor: Robe              |    28 |    10 ||    38
Dodge: Dodged            |    64 |    25 ||    89
